NCAA
SOUTH CAROLINA GAMECOCKS @ GEORGETOWN HOYAS
04/04/2024
 
TOP OF THE 1ST
South Carolina Gamecocks batting - Pitching for Georgetown Hoyas : RHP Juan Carlos Guerrero
Pitching: RHP Juan Carlos Guerrero
Batting: LHB Josh Pérez 0-0: Called Strike
0-1: Ball
1-1: Ball
2-1: Foul Ball, location: 2F
2-2: Foul Ball, location: 2F
2-2: Ball
3-2: Fly out, F2 (Popup, 2LF)
Batting: RHB Carl Johnston 0-0: Ball
1-0: Called Strike
1-1: Swinging Strike
1-2: Ball
2-2: Foul Ball, location: 2F
2-2: Ball
3-2: Ground out 3-1 (Groundball, 34S)
Batting: RHB Junior Adams 0-0: Foul Ball, location: 2F
0-1: Foul Ball, location: 2F
0-2: Foul Ball, location: 2F
0-2: Strikes out swinging
Top of the 1st over - 0 run(s), 0 hit(s), 0 error(s), 0 left on base; South Carolina 0 - Georgetown 0
BOTTOM OF THE 1ST
Georgetown Hoyas batting - Pitching for South Carolina Gamecocks : RHP Bill Muñóz
Pitching: RHP Bill Muñóz
Batting: RHB Bob Lee 0-0: Called Strike
Reached via error on a dropped throw, E3
Batting: SHB Edward Weber 0-0: Called Strike
0-1: Ball
1-1: SINGLE (Line Drive, 6MD)
Bob Lee to second
Batting: LHB Alan McGilroy 0-0: Ball
1-0: DOUBLE (Line Drive, 8RM)
Bob Lee scores
Edward Weber to third
Batting: LHB Ken Bullard 0-0: Ball
1-0: Called Strike
1-1: Foul Ball, location: 2F
1-2: Foul Ball, location: 2F
1-2: Foul Ball, location: 2F
1-2: Ball
2-2: Ball
3-2: Foul Ball, location: 2F
3-2: Strikes out swinging
Batting: SHB Jeffrey MacNeill 0-0: Ball
1-0: Ball
2-0: Swinging Strike
2-1: Ball
3-1: Base on Balls
Batting: LHB Tim Rose 0-0: Called Strike
0-1: Ball
1-1: Called Strike
1-2: SINGLE (Flyball, 89S)
Edward Weber scores
Alan McGilroy to third
Jeffrey MacNeill to second
Batting: SHB Emmett Kinch 0-0: Called Strike
0-1: Ball
1-1: Called Strike
1-2: Grounds into double play, 6-4-3 (Groundball, 6)
Bottom of the 1st over - 2 run(s), 3 hit(s), 1 error(s), 2 left on base; South Carolina 0 - Georgetown 2
TOP OF THE 2ND
South Carolina Gamecocks batting - Pitching for Georgetown Hoyas : RHP Juan Carlos Guerrero
Batting: RHB Doug O'Brien 0-0: Ball
1-0: Ball
2-0: Fly out, F9 (Flyball, 9M)
Batting: RHB Taylor Justice 0-0: Swinging Strike
0-1: Ball
1-1: Ball
2-1: Foul Ball, location: 2F
2-2: Strikes out swinging
Batting: RHB Josh Baker 0-0: Called Strike
0-1: Foul Ball, location: 2F
0-2: Strikes out swinging
Top of the 2nd over - 0 run(s), 0 hit(s), 0 error(s), 0 left on base; South Carolina 0 - Georgetown 2
BOTTOM OF THE 2ND
Georgetown Hoyas batting - Pitching for South Carolina Gamecocks : RHP Bill Muñóz
Batting: RHB Luis Flores 0-0: Called Strike
0-1: Ball
1-1: Ball
2-1: Ball
3-1: Fly out, F8 (Flyball, 78D)
Batting: LHB Chris Smith 0-0: Ball
1-0: Ground out 4-3 (Groundball, 34)
Batting: RHB Bob Lee 0-0: Called Strike
0-1: Ground out 5-3 (Groundball, 56)
Bottom of the 2nd over - 0 run(s), 0 hit(s), 0 error(s), 0 left on base; South Carolina 0 - Georgetown 2
TOP OF THE 3RD
South Carolina Gamecocks batting - Pitching for Georgetown Hoyas : RHP Juan Carlos Guerrero
Batting: RHB Clint Ratzlaff 0-0: Swinging Strike
0-1: Swinging Strike
0-2: Strikes out swinging
Batting: RHB José Zúñiga 0-0: Ball
1-0: Ball
2-0: Ball
3-0: Base on Balls
Batting: RHB Gary Wyatt 0-0: Ball
1-0: Ball
2-0: Ball
3-0: Base on Balls
José Zúñiga to second
Batting: LHB Josh Pérez 0-0: Ball
1-0: Foul Ball, location: 2F
1-1: Foul Ball, location: 2F
1-2: Foul Ball, location: 2F
1-2: Strikes out looking
Batting: RHB Carl Johnston 0-0: Ball
1-0: Ball
2-0: Called Strike
2-1: Ball
3-1: Ground out 5-3 (Groundball, 5S)
Top of the 3rd over - 0 run(s), 0 hit(s), 0 error(s), 2 left on base; South Carolina 0 - Georgetown 2
BOTTOM OF THE 3RD
Georgetown Hoyas batting - Pitching for South Carolina Gamecocks : RHP Bill Muñóz
Batting: SHB Edward Weber 0-0: Foul Ball, location: 2F
0-1: Foul Ball, location: 2F
0-2: Ball
1-2: Ball
2-2: Ball
3-2: Fly out, F5 (Line Drive, 56)
Batting: LHB Alan McGilroy 0-0: Fly out, F7 (Flyball, 7D)
Batting: LHB Ken Bullard 0-0: Ball
1-0: Swinging Strike
1-1: Called Strike
1-2: Strikes out swinging
Bottom of the 3rd over - 0 run(s), 0 hit(s), 0 error(s), 0 left on base; South Carolina 0 - Georgetown 2
TOP OF THE 4TH
South Carolina Gamecocks batting - Pitching for Georgetown Hoyas : RHP Juan Carlos Guerrero
Batting: RHB Junior Adams 0-0: Foul Ball, location: 2F
0-1: Ball
1-1: SINGLE (Line Drive, 7S)
Batting: RHB Doug O'Brien 0-0: Called Strike
0-1: Ball
1-1: Ball
2-1: Ball
3-1: Foul Ball, location: 2F
3-2: Grounds into double play, 1-6-3 (Groundball, 23)
Batting: RHB Taylor Justice 0-0: Ball
1-0: Called Strike
1-1: Fly out, F5 (Line Drive, 5)
Top of the 4th over - 0 run(s), 1 hit(s), 0 error(s), 0 left on base; South Carolina 0 - Georgetown 2
BOTTOM OF THE 4TH
Georgetown Hoyas batting - Pitching for South Carolina Gamecocks : RHP Bill Muñóz
Batting: SHB Jeffrey MacNeill 0-0: Swinging Strike
0-1: Ball
1-1: Swinging Strike
1-2: Strikes out swinging
Batting: LHB Tim Rose 0-0: Swinging Strike
0-1: Foul Ball, location: 2F
0-2: Ball
1-2: Reached on error, E3 (Groundball, 3S)
Batting: SHB Emmett Kinch 0-0: SINGLE (Groundball, 34)
Tim Rose to second
Runner from 2nd tries for 3rd, SAFE, throw made to third
Batting: RHB Luis Flores 0-0: Foul Ball, location: 2F
0-1: Called Strike
0-2: Ball
1-2: Ball
2-2: Foul Ball, location: 2F
2-2: Ball
3-2: Base on Balls
Emmett Kinch to second
Batting: LHB Chris Smith 0-0: Called Strike
0-1: Foul Ball, location: 2F
0-2: Strikes out swinging
Batting: RHB Bob Lee 0-0: SINGLE (Groundball, 5D)
Tim Rose scores
Emmett Kinch to third
Luis Flores to second
Runner from 3rd tries for Home, SAFE, no throw or cutoff
Batting: SHB Edward Weber 0-0: Ball
1-0: Ball
2-0: Ball
3-0: Foul Ball, location: 2F
3-1: Foul Ball, location: 2F
3-2: Strikes out swinging
Bottom of the 4th over - 2 run(s), 2 hit(s), 1 error(s), 2 left on base; South Carolina 0 - Georgetown 4
TOP OF THE 5TH
South Carolina Gamecocks batting - Pitching for Georgetown Hoyas : RHP Juan Carlos Guerrero
Batting: RHB Josh Baker 0-0: Called Strike
0-1: Ball
1-1: Ball
2-1: Fly out, F7 (Line Drive, 7M)
Batting: RHB Clint Ratzlaff 0-0: Ball
1-0: Fly out, F8 (Flyball, 8LM)
Batting: RHB José Zúñiga 0-0: Called Strike
0-1: Ball
1-1: Fly out, F8 (Flyball, 8LM)
Top of the 5th over - 0 run(s), 0 hit(s), 0 error(s), 0 left on base; South Carolina 0 - Georgetown 4
BOTTOM OF THE 5TH
Georgetown Hoyas batting - Pitching for South Carolina Gamecocks : RHP Bill Muñóz
Batting: LHB Alan McGilroy 0-0: Called Strike
0-1: Foul Ball, location: 2F
0-2: Ground out 4-3 (Groundball, 4MS)
Batting: LHB Ken Bullard 0-0: Ball
1-0: Foul Ball, location: 2F
1-1: Foul Ball, location: 2F
1-2: SINGLE (Groundball, 4MD)
Pitching: RHP Bob Branch
Batting: SHB Jeffrey MacNeill 0-0: Called Strike
Ken Bullard steals 2nd base
0-1: Ball
1-1: Foul Ball, location: 2F
1-2: SINGLE (Line Drive, 3D)
Ken Bullard to third
Runner from 3rd tries for Home, SAFE, no throw or cutoff
Batting: LHB Tim Rose 0-0: Ball
1-0: Foul Ball, location: 2F
1-1: Ball
2-1: Foul Ball, location: 2F
2-2: Ball
3-2: Fly out, F7 (Line Drive, 78M)
3-2: Fly out, F7 (Line Drive, 78M)
Batting: SHB Emmett Kinch 0-0: SINGLE (Line Drive, 6MD)
Jeffrey MacNeill to second
Batting: RHB Luis Flores 0-0: Ball
1-0: SINGLE (Flyball, 78M)
Jeffrey MacNeill to third
Emmett Kinch to second
Runner from 3rd tries for Home, SAFE, no throw or cutoff
Batting: LHB Chris Smith 0-0: Fielders Choice at 2nd, U6 (Groundball, 6M)
Bottom of the 5th over - 2 run(s), 4 hit(s), 0 error(s), 2 left on base; South Carolina 0 - Georgetown 6
TOP OF THE 6TH
South Carolina Gamecocks batting - Pitching for Georgetown Hoyas : RHP Juan Carlos Guerrero
Batting: RHB Gary Wyatt 0-0: Ground out 1-3 (Groundball, 13S)
Batting: LHB Josh Pérez 0-0: Ball
1-0: Ball
2-0: Ball
3-0: Base on Balls
Batting: RHB Carl Johnston 0-0: Called Strike
0-1: Foul Ball, location: 2F
0-2: Ball
1-2: Strikes out looking
Pitching: LHP Joseph Elliott
Batting: RHB Junior Adams 0-0: Ball
1-0: Called Strike
1-1: Ball
2-1: SINGLE (Groundball, 34D)
Josh Pérez to second
Runner from 2nd tries for 3rd, OUT!
Top of the 6th over - 0 run(s), 1 hit(s), 0 error(s), 1 left on base; South Carolina 0 - Georgetown 6
BOTTOM OF THE 6TH
Georgetown Hoyas batting - Pitching for South Carolina Gamecocks : RHP Bob Branch
Batting: RHB Bob Lee 0-0: Ball
1-0: Fly out, F4 (Line Drive, 4)
Batting: SHB Edward Weber 0-0: Ball
1-0: Ball
2-0: SINGLE (Groundball, 25) (infield hit)
Batting: LHB Alan McGilroy 0-0: Grounds into double play, 4-6-3 (Groundball, 4)
Bottom of the 6th over - 0 run(s), 1 hit(s), 0 error(s), 0 left on base; South Carolina 0 - Georgetown 6
TOP OF THE 7TH
South Carolina Gamecocks batting - Pitching for Georgetown Hoyas : LHP Joseph Elliott
Batting: RHB Doug O'Brien 0-0: Swinging Strike
0-1: Foul Ball, location: 2F
0-2: Foul Ball, location: 2F
0-2: Ball
1-2: Hit by Pitch
Batting: RHB Taylor Justice 0-0: SINGLE (Groundball, 56D)
Doug O'Brien to second
Batting: RHB Josh Baker 0-0: Called Strike
0-1: Ball
1-1: Ball
2-1: Ball
3-1: Swinging Strike
3-2: Foul Ball, location: 2F
3-2: Foul Ball, location: 2F
3-2: Foul Ball, location: 2F
3-2: SINGLE (Line Drive, 56D)
Doug O'Brien to third
Taylor Justice to second
Batting: RHB Clint Ratzlaff 0-0: Called Strike
0-1: Swinging Strike
0-2: Grounds into double play, 6-4-3 (Groundball, 6)
Doug O'Brien scores
Taylor Justice to third
Batting: RHB José Zúñiga 0-0: Called Strike
0-1: Ball
1-1: Called Strike
1-2: Ground out 4-3 (Groundball, 4M)
Top of the 7th over - 1 run(s), 2 hit(s), 0 error(s), 1 left on base; South Carolina 1 - Georgetown 6
BOTTOM OF THE 7TH
Georgetown Hoyas batting - Pitching for South Carolina Gamecocks : RHP Bob Branch
Batting: LHB Ken Bullard 0-0: Ground out 6-3 (Groundball, 6)
Pitching: RHP Joe Griffin
Batting: SHB Jeffrey MacNeill 0-0: Ball
1-0: Ball
2-0: Foul Ball, location: 2F
2-1: Swinging Strike
2-2: Foul Ball, location: 2F
2-2: Foul Ball, location: 2F
2-2: Strikes out swinging
Batting: LHB Tim Rose 0-0: Swinging Strike
0-1: Swinging Strike
0-2: Ball
1-2: Strikes out swinging
Bottom of the 7th over - 0 run(s), 0 hit(s), 0 error(s), 0 left on base; South Carolina 1 - Georgetown 6
TOP OF THE 8TH
South Carolina Gamecocks batting - Pitching for Georgetown Hoyas : LHP Joseph Elliott
Batting: RHB Gary Wyatt 0-0: Swinging Strike
0-1: Called Strike
0-2: Foul Ball, location: 2F
0-2: Strikes out looking
Batting: LHB Josh Pérez 0-0: Called Strike
0-1: Ball
1-1: Foul Ball, location: 2F
1-2: Ball
2-2: Fly out, F4 (Popup, 4)
Batting: RHB Carl Johnston 0-0: Ball
1-0: Called Strike
1-1: Foul Ball, location: 2F
1-2: Strikes out swinging
Top of the 8th over - 0 run(s), 0 hit(s), 0 error(s), 0 left on base; South Carolina 1 - Georgetown 6
BOTTOM OF THE 8TH
Georgetown Hoyas batting - Pitching for South Carolina Gamecocks : RHP Joe Griffin
Batting: SHB Emmett Kinch 0-0: Foul Ball, location: 2F
0-1: Foul Ball, location: 2F
0-2: Ball
1-2: Strikes out swinging
Batting: RHB Luis Flores 0-0: Called Strike
0-1: Ground out 5-3 (Groundball, 56S)
Batting: LHB Chris Smith 0-0: Ball
1-0: Called Strike
1-1: Fly out, F6 (Line Drive, 6)
Bottom of the 8th over - 0 run(s), 0 hit(s), 0 error(s), 0 left on base; South Carolina 1 - Georgetown 6
TOP OF THE 9TH
South Carolina Gamecocks batting - Pitching for Georgetown Hoyas : LHP Joseph Elliott
Batting: RHB Junior Adams 0-0: Ball
1-0: Ball
2-0: Called Strike
2-1: Swinging Strike
2-2: Strikes out looking
Batting: RHB Doug O'Brien 0-0: Swinging Strike
0-1: Swinging Strike
0-2: Strikes out swinging
Pitching: RHP Paul McNeal
Batting: RHB Taylor Justice 0-0: Ball
1-0: Foul Ball, location: 2F
1-1: Ball
2-1: Ball
3-1: Foul Ball, location: 2F
3-2: Ground out 5-3 (Groundball, 5)
Top of the 9th over - 0 run(s), 0 hit(s), 0 error(s), 0 left on base; South Carolina 1 - Georgetown 6
This league is powered by Out of the Park Baseball, the baseball management simulation game for PC, Mac and Linux
Saturday, April 9th, 2016 - OOTP Baseball 16.8 Build 38